BR (22 & UNDER)
SANTA CLARITA MUSIC @ OTTAWA FAT CATS
07/12/2028
 
TOP OF THE 1ST
Santa Clarita Music batting - Pitching for Ottawa Fat Cats : RHP Clinton King
Pitching: RHP Clinton King
Batting: RHB Luis Suárez 0-0: Ball
1-0: Ball
2-0: Ground out 6-3 (Groundball, 6)
Batting: RHB António Martínez 0-0: Ball
1-0: Ball
2-0: Ball
3-0: Base on Balls
Batting: RHB Rickey Núñez 0-0: SINGLE (Groundball, 4S) (infield hit)
António Martínez to second
Batting: LHB Francisco Blanco 0-0: Ball
1-0: Ball
2-0: Swinging Strike
2-1: Swinging Strike
2-2: Ball
3-2: Fielders Choice at 2nd, 3-6 (Groundball, 34)
António Martínez to third
Batting: LHB Ben Donaldson 0-0: Ball
1-0: Foul Ball, location: 2F
1-1: Swinging Strike
1-2: Strikes out swinging
Top of the 1st over - 0 run(s), 1 hit(s), 0 error(s), 2 left on base; Santa Clarita 0 - Ottawa 0
BOTTOM OF THE 1ST
Ottawa Fat Cats batting - Pitching for Santa Clarita Music : RHP John Gill
Pitching: RHP John Gill
Batting: RHB Roberto Rodríguez 0-0: Ball
1-0: Ball
2-0: Fly out, F8 (Flyball, 8LM)
Batting: LHB Wayne Rogers 0-0: Ball
1-0: Foul Ball, location: 2F
1-1: Ground out 4-3 (Groundball, 4)
Batting: RHB Manny Velásquez 0-0: Called Strike
0-1: DOUBLE (Line Drive, 89D)
Batting: LHB Manuel Ortega 0-0: SINGLE (Flyball, 78S)
Manny Velásquez to third
Runner from 3rd tries for Home, SAFE, no throw
Batting: RHB Lawrence Howard 0-0: Ball
1-0: Called Strike
1-1: Fly out, F7 (Line Drive, 7)
Bottom of the 1st over - 1 run(s), 2 hit(s), 0 error(s), 1 left on base; Santa Clarita 0 - Ottawa 1
TOP OF THE 2ND
Santa Clarita Music batting - Pitching for Ottawa Fat Cats : RHP Clinton King
Batting: SHB Pedro Rodríguez 0-0: Ball
1-0: Ball
2-0: Bunt for hit - play at first, batter OUT! 1-3
Batting: RHB Greg Grant 0-0: Called Strike
0-1: Ball
1-1: Reached on error, E3 (Groundball, 34S)
Batting: RHB Tony Collier 0-0: Foul Ball, location: 2F
0-1: SINGLE (Flyball, 89S)
Greg Grant to third
Runner from 3rd tries for Home, SAFE, no throw
Batting: RHB Adam Gentry 0-0: Called Strike
0-1: Ball
1-1: Ball
2-1: Foul Ball, location: 2F
2-2: Foul Ball, location: 2F
2-2: Strikes out looking
Batting: RHB Luis Suárez 0-0: Called Strike
0-1: Ball
1-1: Fly out, F8 (Line Drive, 8LM)
Top of the 2nd over - 1 run(s), 1 hit(s), 1 error(s), 1 left on base; Santa Clarita 1 - Ottawa 1
BOTTOM OF THE 2ND
Ottawa Fat Cats batting - Pitching for Santa Clarita Music : RHP John Gill
Batting: RHB Ricardo Medina 0-0: Ball
1-0: Ball
2-0: Foul Ball, location: 2F
2-1: Called Strike
2-2: Ball
3-2: SINGLE (Line Drive, 78S)
Batting: RHB Vicente Guerra 0-0: Ball
1-0: Called Strike
1-1: Ball
2-1: Fly out, F5 (Popup, 5S)
Batting: RHB Robert Blanchard 0-0: Ball
1-0: Foul Ball, location: 2F
1-1: SINGLE (Line Drive, 78S)
Ricardo Medina to second
Batting: RHB Daniel Quintana 0-0: Ball
1-0: Called Strike
1-1: Foul Ball, location: 2F
1-2: Fly out, F8 (Flyball, 8RM)
Batting: RHB Roberto Rodríguez 0-0: Ball
1-0: Ball
2-0: Ball
3-0: Called Strike
3-1: Called Strike
3-2: SINGLE (Groundball, 6MD)
Ricardo Medina to third
Robert Blanchard to second
Ricardo Medina scores
Robert Blanchard to third
Batting: LHB Wayne Rogers 0-0: Called Strike
Roberto Rodríguez steals 2nd base
0-1: Ball
1-1: Ball
2-1: Fly out, F9 (Flyball, 89M)
Bottom of the 2nd over - 1 run(s), 3 hit(s), 0 error(s), 2 left on base; Santa Clarita 1 - Ottawa 2
TOP OF THE 3RD
Santa Clarita Music batting - Pitching for Ottawa Fat Cats : RHP Clinton King
Batting: RHB António Martínez 0-0: Ball
1-0: Swinging Strike
1-1: Ball
2-1: Foul Ball, location: 2F
2-2: Foul Ball, location: 2F
2-2: Foul Ball, location: 2F
2-2: Foul Ball, location: 2F
2-2: Foul Ball, location: 2F
2-2: DOUBLE (Groundball, 3L)
Batting: RHB Rickey Núñez 0-0: Ball
1-0: Ground out 4-3 (Groundball, 4)
António Martínez to third
Batting: LHB Francisco Blanco 0-0: Foul Ball, location: 2F
0-1: Foul Ball, location: 2F
0-2: Foul Ball, location: 2F
0-2: Ball
1-2: Ball
2-2: Fly out, F2 (Popup, 15S)
Batting: LHB Ben Donaldson 0-0: Ball
1-0: Ball
2-0: Foul Ball, location: 2F
2-1: SINGLE (Flyball, 56D)
António Martínez scores
Batting: SHB Pedro Rodríguez 0-0: Ball
1-0: Foul Ball, location: 2F
1-1: Ball
2-1: Ball
3-1: Base on Balls
Ben Donaldson to second
Batting: RHB Greg Grant 0-0: Called Strike
0-1: Ball
1-1: Foul Ball, location: 2F
1-2: Strikes out swinging
Top of the 3rd over - 1 run(s), 2 hit(s), 0 error(s), 2 left on base; Santa Clarita 2 - Ottawa 2
BOTTOM OF THE 3RD
Ottawa Fat Cats batting - Pitching for Santa Clarita Music : RHP John Gill
Batting: RHB Manny Velásquez 0-0: Ball
1-0: Foul Ball, location: 2F
1-1: Foul Ball, location: 2F
1-2: Ball
2-2: Ball
3-2: Base on Balls
Batting: LHB Manuel Ortega 0-0: Swinging Strike
0-1: Called Strike
0-2: Ball
1-2: Fly out, F1 (Line Drive, 13)
Lined into DP, 1-3 (Line Drive, 13)
Batting: RHB Lawrence Howard 0-0: Called Strike
0-1: SINGLE (Groundball, 6MD)
Batting: RHB Ricardo Medina 0-0: Called Strike
Lawrence Howard steals 2nd base
0-1: Foul Ball, location: 2F
0-2: Hit by Pitch
Batting: RHB Vicente Guerra 0-0: Ball
1-0: Foul Ball, location: 2F
1-1: Called Strike
1-2: Strikes out swinging
Bottom of the 3rd over - 0 run(s), 1 hit(s), 0 error(s), 2 left on base; Santa Clarita 2 - Ottawa 2
TOP OF THE 4TH
Santa Clarita Music batting - Pitching for Ottawa Fat Cats : RHP Clinton King
Batting: RHB Tony Collier 0-0: Called Strike
0-1: Ball
1-1: Swinging Strike
1-2: Ball
2-2: SOLO HOME RUN (Flyball, 7LD), Distance : 354 ft
Batting: RHB Adam Gentry 0-0: Called Strike
0-1: Ball
1-1: Called Strike
1-2: Foul Ball, location: 2F
1-2: Strikes out looking
Batting: RHB Luis Suárez 0-0: Swinging Strike
0-1: Foul Ball, location: 2F
0-2: Foul Ball, location: 2F
0-2: Strikes out swinging
Batting: RHB António Martínez 0-0: Foul Ball, location: 2F
0-1: Called Strike
0-2: Ball
1-2: Foul Ball, location: 2F
1-2: Ball
2-2: Ball
3-2: Base on Balls
Pitching: RHP Carlos Castro
Batting: RHB Rickey Núñez 0-0: Ball
1-0: Ball
2-0: Called Strike
2-1: Fielders Choice at 2nd, 6-4 (Groundball, 6)
Top of the 4th over - 1 run(s), 1 hit(s), 0 error(s), 0 left on base; Santa Clarita 3 - Ottawa 2
BOTTOM OF THE 4TH
Ottawa Fat Cats batting - Pitching for Santa Clarita Music : RHP John Gill
Batting: RHB Robert Blanchard 0-0: Foul Ball, location: 2F
0-1: Foul Ball, location: 2F
0-2: Foul Ball, location: 2F
0-2: Ball
1-2: SINGLE (Line Drive, 7LS)
Batting: RHB Daniel Quintana 0-0: Swinging Strike
0-1: Ball
1-1: Swinging Strike
1-2: Ball
2-2: Strikes out looking
Batting: RHB Roberto Rodríguez 0-0: Foul Ball, location: 2F
0-1: Ball
1-1: Called Strike
1-2: SINGLE (Groundball, 25) (infield hit)
Robert Blanchard to second
Batting: LHB Wayne Rogers 0-0: 3-RUN HOME RUN (Flyball, 9LD), Distance : 356 ft
Batting: RHB Manny Velásquez 0-0: Fly out, F7 (Flyball, 78D)
Batting: LHB Manuel Ortega 0-0: Ball
1-0: Called Strike
1-1: Ground out 4-3 (Groundball, 4M)
Bottom of the 4th over - 3 run(s), 3 hit(s), 0 error(s), 0 left on base; Santa Clarita 3 - Ottawa 5
TOP OF THE 5TH
Santa Clarita Music batting - Pitching for Ottawa Fat Cats : RHP Carlos Castro
Batting: LHB Francisco Blanco 0-0: Ball
1-0: Ball
2-0: Called Strike
2-1: Ball
3-1: SINGLE (Flyball, 89S)
Batting: LHB Ben Donaldson 0-0: Ball
1-0: Called Strike
1-1: SINGLE (Line Drive, 7S)
Francisco Blanco to second
Batting: SHB Pedro Rodríguez 0-0: Called Strike
0-1: Ball
1-1: Fly out, F7 (Flyball, 7S)
Batting: RHB Greg Grant 0-0: SINGLE (Groundball, 56D)
Francisco Blanco to third
Ben Donaldson to second
Runner from 3rd tries for Home, SAFE, no throw
Batting: RHB Tony Collier 0-0: Foul Ball, location: 2F
0-1: Ball
1-1: Called Strike
1-2: Foul Ball, location: 2F
1-2: Strikes out looking
Batting: RHB Adam Gentry 0-0: Called Strike
0-1: Swinging Strike
0-2: Strikes out looking
Top of the 5th over - 1 run(s), 3 hit(s), 0 error(s), 2 left on base; Santa Clarita 4 - Ottawa 5
BOTTOM OF THE 5TH
Ottawa Fat Cats batting - Pitching for Santa Clarita Music : RHP John Gill
Pitching: RHP Pat Hardy
Batting: RHB Lawrence Howard 0-0: Called Strike
0-1: Ball
1-1: Ball
2-1: SINGLE (Line Drive, 78S)
Batting: RHB Ricardo Medina 0-0: Foul Ball, location: 2F
0-1: Swinging Strike
0-2: Ball
1-2: SINGLE (Flyball, 89S)
Lawrence Howard to second
Runner from 2nd tries for 3rd, SAFE, throw made to third
Ricardo Medina to second
Batting: RHB Vicente Guerra 0-0: Swinging Strike
0-1: Foul Ball, location: 2F
0-2: Strikes out looking
Batting: RHB Robert Blanchard 0-0: Ball
1-0: Ball
2-0: Foul Ball, location: 2F
2-1: Ball
3-1: Base on Balls
Batting: RHB Daniel Quintana 0-0: Called Strike
0-1: Swinging Strike
0-2: Ball
1-2: Ball
2-2: Foul Ball, location: 2F
2-2: Strikes out looking
Batting: RHB Roberto Rodríguez 0-0: Foul Ball, location: 2F
0-1: Ball
1-1: Called Strike
1-2: Ball
2-2: Ground out 3-1 (Groundball, 34)
Bottom of the 5th over - 0 run(s), 2 hit(s), 0 error(s), 3 left on base; Santa Clarita 4 - Ottawa 5
TOP OF THE 6TH
Santa Clarita Music batting - Pitching for Ottawa Fat Cats : RHP Carlos Castro
Batting: RHB Luis Suárez 0-0: Ball
1-0: Ball
2-0: Called Strike
2-1: SINGLE (Groundball, 6D)
Batting: RHB António Martínez 0-0: Called Strike
Luis Suárez steals 2nd base
0-1: Called Strike
0-2: Strikes out swinging, 2-3 out at first.
Batting: RHB Rickey Núñez 0-0: Swinging Strike
0-1: Foul Ball, location: 2F
0-2: Ball
1-2: Ball
2-2: Strikes out swinging
Batting: LHB Francisco Blanco 0-0: Called Strike
0-1: Ball
1-1: Foul Ball, location: 2F
1-2: Strikes out looking
Top of the 6th over - 0 run(s), 1 hit(s), 0 error(s), 1 left on base; Santa Clarita 4 - Ottawa 5
BOTTOM OF THE 6TH
Ottawa Fat Cats batting - Pitching for Santa Clarita Music : RHP Pat Hardy
Batting: LHB Wayne Rogers 0-0: Called Strike
0-1: Ball
1-1: Foul Ball, location: 2F
1-2: Ball
2-2: Ball
3-2: Foul Ball, location: 2F
3-2: Base on Balls
Batting: RHB Manny Velásquez 0-0: Ball
1-0: Called Strike
Wayne Rogers is caught stealing 2nd base
1-1: Foul Ball, location: 2F
1-2: Fly out, F1 (Line Drive, 13S)
Batting: LHB Manuel Ortega 0-0: Ball
1-0: Ball
2-0: Foul Ball, location: 2F
2-1: Ball
3-1: Called Strike
3-2: Base on Balls
Batting: RHB Lawrence Howard 0-0: Called Strike
Manuel Ortega steals 2nd base
0-1: Ball
1-1: Ball
2-1: Ball
3-1: Base on Balls
Batting: RHB Ricardo Medina 0-0: Foul Ball, location: 2F
0-1: Ball
1-1: Ball
2-1: Ball
3-1: Fly out, F6 (Popup, 5D)
Bottom of the 6th over - 0 run(s), 0 hit(s), 0 error(s), 2 left on base; Santa Clarita 4 - Ottawa 5
TOP OF THE 7TH
Santa Clarita Music batting - Pitching for Ottawa Fat Cats : RHP Carlos Castro
Batting: LHB Ben Donaldson 0-0: Ball
1-0: Ball
2-0: Foul Ball, location: 2F
2-1: Ball
3-1: Fly out, F2 (Popup, 2R)
Batting: SHB Pedro Rodríguez 0-0: Called Strike
0-1: Called Strike
0-2: Foul Ball, location: 2F
0-2: Strikes out swinging
Batting: RHB Greg Grant 0-0: Ball
1-0: Swinging Strike
1-1: Ball
2-1: Called Strike
2-2: Ball
3-2: Strikes out swinging
Top of the 7th over - 0 run(s), 0 hit(s), 0 error(s), 0 left on base; Santa Clarita 4 - Ottawa 5
BOTTOM OF THE 7TH
Ottawa Fat Cats batting - Pitching for Santa Clarita Music : RHP Pat Hardy
Batting: RHB Vicente Guerra 0-0: Ball
1-0: Ball
2-0: Foul Ball, location: 2F
2-1: Ball
3-1: Foul Ball, location: 2F
3-2: Foul Ball, location: 2F
3-2: Strikes out looking
Batting: RHB Robert Blanchard 0-0: Ball
1-0: Foul Ball, location: 2F
1-1: Foul Ball, location: 2F
1-2: SINGLE (Flyball, 89S)
Pinch Hitting: RHB Santiago Díaz 0-0: Ball
Robert Blanchard steals 2nd base
1-0: Ball
2-0: Ball
3-0: Called Strike
3-1: Foul Ball, location: 2F
3-2: Base on Balls
Batting: RHB Roberto Rodríguez 0-0: Foul Ball, location: 2F
0-1: Called Strike
0-2: Strikes out swinging
Batting: LHB Wayne Rogers 0-0: Called Strike
0-1: Ball
1-1: Ball
2-1: Fly out, F3 (Line Drive, 3)
Bottom of the 7th over - 0 run(s), 1 hit(s), 0 error(s), 2 left on base; Santa Clarita 4 - Ottawa 5
TOP OF THE 8TH
Santa Clarita Music batting - Pitching for Ottawa Fat Cats : RHP Carlos Castro
Pitching: RHP Jorge Báez
Now at SS: Santiago Díaz
Batting: RHB Tony Collier 0-0: Ball
1-0: Ball
2-0: Called Strike
2-1: Called Strike
2-2: Strikes out looking
Batting: RHB Adam Gentry 0-0: Ball
1-0: Swinging Strike
1-1: Foul Ball, location: 2F
1-2: Foul Ball, location: 2F
1-2: Ball
2-2: Ball
3-2: Foul Ball, location: 2F
3-2: Foul Ball, location: 2F
3-2: DOUBLE (Flyball, 78XD)
Pinch Hitting: SHB Ramiro Medrano 0-0: Foul Ball, location: 2F
0-1: Foul Ball, location: 2F
0-2: Strikes out swinging
Batting: RHB António Martínez 0-0: Ball
1-0: Fly out, F5 (Line Drive, 5)
Top of the 8th over - 0 run(s), 1 hit(s), 0 error(s), 1 left on base; Santa Clarita 4 - Ottawa 5
BOTTOM OF THE 8TH
Ottawa Fat Cats batting - Pitching for Santa Clarita Music : RHP Pat Hardy
Now in RF: Ramiro Medrano
Batting: RHB Manny Velásquez 0-0: Ball
1-0: Called Strike
1-1: Ball
2-1: Ball
3-1: Base on Balls
Pitching: RHP Álex Amaya
Batting: LHB Manuel Ortega 0-0: Ball
1-0: Called Strike
1-1: Hit by Pitch
Manny Velásquez to second
Batting: RHB Lawrence Howard 0-0: Ball
1-0: Called Strike
1-1: Swinging Strike
1-2: Foul Ball, location: 2F
1-2: Ball
2-2: Foul Ball, location: 2F
2-2: Grounds into double play, 6-4-3 (Groundball, 6)
Manny Velásquez to third
Batting: RHB Ricardo Medina 0-0: Ball
1-0: Called Strike
1-1: Swinging Strike
1-2: Foul Ball, location: 2F
1-2: Strikes out looking
Bottom of the 8th over - 0 run(s), 0 hit(s), 0 error(s), 1 left on base; Santa Clarita 4 - Ottawa 5
TOP OF THE 9TH
Santa Clarita Music batting - Pitching for Ottawa Fat Cats : RHP Jorge Báez
Pitching: RHP Wilson Flores
Now at C: Jorge Santos
Now in LF: Manuel Díaz
Batting: RHB Rickey Núñez 0-0: Foul Ball, location: 2F
0-1: Ground out 6-3 (Groundball, 6)
Batting: LHB Francisco Blanco 0-0: Ball
1-0: Ball
2-0: Foul Ball, location: 2F
2-1: Ball
3-1: Foul Ball, location: 2F
3-2: Base on Balls
Batting: LHB Ben Donaldson 0-0: Called Strike
0-1: Ball
1-1: Ball
2-1: Ball
3-1: Called Strike
3-2: Fly out, F4 (Line Drive, 4MD)
Pinch Hitting: RHB Jesús Morales 0-0: Called Strike
0-1: Ball
1-1: Called Strike
1-2: Foul Ball, location: 2F
1-2: Ball
2-2: Ball
3-2: Foul Ball, location: 2F
3-2: Strikes out looking
Top of the 9th over - 0 run(s), 0 hit(s), 0 error(s), 1 left on base; Santa Clarita 4 - Ottawa 5
Tuesday, August 8th, 2017 - OOTP Baseball 17.12 Build 75